 Dungeon Crawl Stone Soup version 0.30.0 (webtiles) character file.

Game seed: 17559634741472105713

143 Dani the Shooter (level 5, 0/35 HPs)
             Began as a Formicid Ice Elementalist on May 17, 2023.
             Was an Initiate of Ru.
             Slain by an ogre
             ... wielding a +0 giant club
              (35 damage)
             ... on level 4 of the Dungeon.
             The game lasted 00:07:56 (3129 turns).

Dani the Shooter (Formicid Ice Elementalist)        Turns: 3129, Time: 00:07:56

Health: 0/35       AC:  6    Str: 12    XL:     5   Next: 50%
Magic:  8/8        EV: 11    Int: 15    God:    Ru [......]
Gold:   154        SH:  0    Dex: 16    Spells: 7/8 levels left

rFire   . . .        l - +0 hand axe
rCold   . . .        (no shield)
rNeg    . . .        g - +0 leather armour
rPois   .            (helmet unavailable)
rElec   .            (no cloak)
rCorr   .            d - +2 pair of gloves
SInv    +            (no boots)
Will    .....        (no amulet)
Stlth   ++           (no ring)
HPRegen 0.25/turn    (no ring)
MPRegen 0.11/turn

%: no passive effects
@: no status effects
A: permanent stasis, dig shafts and tunnels, antennae 3, four strong arms
a: Dig, Shaft Self, Renounce Religion


You were on level 4 of the Dungeon.
You worshipped Ru.
Ru was noncommittal.
You visited 1 branch of the dungeon, and saw 4 of its levels.

You collected 154 gold pieces.

Inventory:

Hand Weapons
 h - a +0 short sword
   (You took it off a kobold on level 1 of the Dungeon)
 l - a +0 hand axe (weapon)
   (You found it on level 2 of the Dungeon)
 m - a +0 battleaxe
   (You found it on level 2 of the Dungeon)
Missiles
 e - 2 datura-tipped darts (quivered)
 o - 4 javelins
Armour
 a - a +0 robe
 d - a +2 pair of gloves (worn)
   (You found it on level 1 of the Dungeon)
 f - a +1 plate armour
   (You found it on level 1 of the Dungeon)
 g - a +0 leather armour (worn)
   (You took it off an orc on level 4 of the Dungeon)
Scrolls
 j - a scroll of enchant armour
 M - 2 scrolls of magic mapping
Potions
 b - a potion of magic
 c - a potion of heal wounds
 k - a potion of cancellation
 Q - 2 potions of curing {@q1}


   Skills:
 + Level 1.4 Axes
 * Level 4.3 Ranged Weapons
 - Level 1.7 Dodging
 - Level 2.4 Stealth
 - Level 2.1 Spellcasting
 - Level 4.0 Ice Magic


You had 7 spell levels left.
You knew the following spells:

 Your Spells              Type           Power      Damage    Failure   Level
a - Freeze                Ice            52%        1d6       5%          1

Your spell library contained the following spells:

 Spells                   Type           Power      Damage    Failure   Level
 Frozen Ramparts          Ice            26%        1d4       16%         3
 Ozocubu's Armour         Ice            13%        N/A       16%         3
 Slow                     Hex            4%         N/A       28%         1
 Confusing Touch          Hex            1%         N/A       63%         3
 Vampiric Draining        Necr           1%         2d6       63%         3
 Summon Ice Beast         Ice/Summ       7%         N/A       77%         4


Dungeon Overview and Level Annotations

Branches:
Dungeon (4/15)
 Temple: D:4-7

Altars:
Elyvilon
Ru
Vehumet
Zin

Annotations:
D:3 2 transporters, Grinder; arghonaut's ghost, amateur DjFE
D:4 exclusion: statue


Innate Abilities, Weirdness & Mutations

You cannot be hasted, slowed, berserked, paralysed or teleported.
You can dig through walls and to a lower floor.
You have a pair of large antennae on your head. (SInv)
Your four strong arms can wield two-handed weapons with a shield.


Message History

You closely miss the ball python.
The ball python bites you but does no damage.
The ball python grabs you. The ball python constricts you.
You closely miss the ball python. The ball python barely misses you.
The ball python constricts you. The ball python barely misses you.
The ball python constricts you.
A ball python is nearby!
You hit the ball python.
You kill the ball python!
Key pressed, stopping explore.
No target in view!
Key pressed, stopping explore.
No target in view!
Key pressed, stopping explore.
Found a leather armour.
Found a whip.
g - a scroll labelled VIVEDUAROU An ogre comes into view.
It is wielding a +0 giant club.
An ogre is nearby!
Okay, then.
As you read the scroll labelled VIVEDUAROU, it crumbles to dust.
It is a scroll of amnesia.
Really abort (and waste the scroll)?
Okay, then.
A quokka and 3 orcs come into view.
Found 8 gold pieces.
The orc shouts! x2; You hear a shout!
You slash the quokka!
You kill the quokka!
The orc closely misses you.
You hit the orc.
The orc is moderately wounded.
The orc hits you but does no damage.
You slash the orc!
You kill the orc!
You hit the orc.
The orc is severely wounded.
You hit the orc but do no damage. The orc hits you with a +0 club.
The orc closely misses you.
You closely miss the orc.
The orc is severely wounded.
You barely miss the orc. The orc misses you. The orc barely misses you.
The orc hits you with a +0 club. The orc closely misses you.
You closely miss the orc.
The orc is heavily wounded.
You hit the orc. The orc barely misses you.
The orc hits you but does no damage.
You hit the orc.
The orc is severely wounded.
You hit the orc.
You kill the orc!
The orc barely misses you.
You hit the orc.
The orc is almost dead.
The orc misses you.
You barely miss the orc.
The orc is almost dead.
The orc hits you but does no damage. The orc misses you.
You hit the orc.
You kill the orc!
No target in view!
No target in view!
Items here: )) [[ ††.
g - a +0 leather armour You start removing your armour.
You continue taking off your +0 robe. x4
You finish taking off your +0 robe.
You start putting on your armour.
You continue putting on your +0 leather armour. x5
You finish putting on your +0 leather armour.
You now have 143 gold pieces (gained 8).
Key pressed, stopping explore.
Key pressed, stopping explore.
Found a stone staircase leading up and a stone staircase leading down.
You now have 154 gold pieces (gained 11).
Throw: 4 darts (datura)
Press: ? - help, Q - select action, (/) - cycle Shift-Dir - straight line, f - ogre
Aim: an ogre, wielding a +0 giant club (74% to hit, chance to frenzy on hit: 41%)
You throw a datura-tipped dart. The datura-tipped dart hits the ogre.
The ogre resists.
Throw: 3 darts (datura)
Press: ? - help, Q - select action, (/) - cycle Shift-Dir - straight line, f/p - ogre
Aim: an ogre, wielding a +0 giant club (74% to hit, chance to frenzy on hit: 41%)
You throw a datura-tipped dart. The datura-tipped dart hits the ogre.
The ogre flies into a frenzy!
You hear a shout! x2
What are your orders? t - Shout!
Orders for allies: a - Attack new target. p - Attack previous target. r - Retreat! s - Stop attacking. g - Guard the area. f - Follow me.
Anything else - Cancel.
Retreat in which direction?
Press: ? - help, Dir - move target, p - ogre Fall back!
You hit the ogre.
The ogre is lightly wounded.
The ogre hits you with a +0 giant club!!
Ouch! That really hurt!
You die...

... .. ##... .#
#.... #.# #....
#.. .#....##.#
.((......#
....>....#
......O@.#
......#..# #..#
#.....#..# #..#
#........# #..#
#.<...#..#######
#..#
#.....).........
#..#
...####..#######
#..# #.#####..#
#..# ###......#


You could see a neutral ogre (fast, strong, insane).

Vanquished Creatures
  A hound (D:4)
  An orc wizard (D:3)
  A worm (D:3)
  3 dart slugs
  6 orcs
  8 ball pythons
  2 bats
  5 endoplasms
  2 giant cockroaches (D:1)
  10 goblins
  10 hobgoblins
  2 jackals (D:2)
  4 kobolds
  3 quokkas
  3 frilled lizards
  5 rats
66 creatures vanquished.

Notes
Turn   | Place    | Note
-------+----------+-------------------------------------------
     0 | D:1      | Dani the Formicid Ice Elementalist began the quest for the
                  | Orb.
     0 | D:1      | Reached XP level 1. HP: 13/13 MP: 3/3
    31 | D:1      | Reached skill level 1 in Ranged Weapons
   183 | D:1      | Reached XP level 2. HP: 19/19 MP: 1/5
   437 | D:1      | Reached skill level 2 in Ranged Weapons
   580 | D:1      | Reached XP level 3. HP: 23/24 MP: 1/6
  1132 | D:2      | Reached skill level 3 in Ranged Weapons
  1599 | D:2      | Reached XP level 4. HP: 29/30 MP: 7/7
  2026 | D:3      | Found a glowing silver altar of Zin.
  2219 | D:3      | Found a transporter.
  2223 | D:3      | Noticed arghonaut's ghost (amateur DjFE)
  2247 | D:3      | Reached XP level 5. HP: 34/35 MP: 8/8
  2258 | D:3      | Found a transporter.
  2290 | D:3      | Reached skill level 1 in Axes
  2296 | D:3      | Reached skill level 4 in Ranged Weapons
  2353 | D:3      | Found a white marble altar of Elyvilon.
  2353 | D:3      | Found a sacrificial altar of Ru.
  2416 | D:3      | Became a worshipper of Ru the Awakened
  2447 | D:3      | Noticed Grinder
  2463 | D:3      | HP: 1/35 [Grinder/nerve-wracking pain (11)]
  2475 | D:3      | HP: 12/52 [Grinder (5)]
  2868 | D:4      | HP: 7/35 [hound (3)]
  3000 | D:4      | Found a radiant altar of Vehumet.
  3000 | D:4      | Noticed a frost-covered statue
  3057 | D:4      | Noticed an ogre
  3129 | D:4      | Slain by an ogre

Illustrated notes

Levels and vault maps discovered:
D:1:      scummos_arrival_simple_crosswalls, layout_loops_ring,
          minmay_misc_feat_more_columns, hangedman_feature_mirror
D:2:      layout_loops_ring, minmay_goblin_kobold_house
D:3:      layout_basic, zin_academy, nicolae_overflow_two_pavilions,
          gammafunk_ghost_mausoleum, grunt_ministairs_4, uniq_grinder
D:4:      minmay_chambers_of_twos, layout_loops_ring,
          grunt_temple_overflow_growth_and_decay, vehumet_statue, uniq_pikel

Skill      XL: |  1  2  3  4  5 |
---------------+----------------+-----
Ranged Weapons | 1 2 3 4 |  4.3
Axes           | 1 |  1.4
Dodging        | |  1.7
Stealth        | |  2.4
Spellcasting   | |  2.1
Ice Magic      | |  4.0

Action                     |  1- 3 |  4- 6 || total
---------------------------+-------+-------++-------
  Melee: Unarmed           |    11 |       ||    11
         Short sword       |    73 |    13 ||    86
         Hand axe          |       |   110 ||   110
         Punch             |       |     3 ||     3
  Throw: Dart              |       |     2 ||     2
   Cast: Freeze            |    37 |    12 ||    49
Ability: Dig               |     1 |     1 ||     2
    Use: Scroll            |     6 |     3 ||     9
         Potion            |       |     6 ||     6
   Stab: Sleeping          |     4 |     2 ||     6
         Invisible         |       |     1 ||     1
 Armour: Robe              |    37 |    32 ||    69
         Skin              |       |     4 ||     4
  Dodge: Dodged            |    88 |    68 ||   156

Levels and vault maps discovered:
D:1:      scummos_arrival_simple_crosswalls, layout_loops_ring,
          minmay_misc_feat_more_columns, hangedman_feature_mirror
D:2:      layout_loops_ring, minmay_goblin_kobold_house
D:3:      layout_basic, zin_academy, nicolae_overflow_two_pavilions,
          gammafunk_ghost_mausoleum, grunt_ministairs_4, uniq_grinder
D:4:      minmay_chambers_of_twos, layout_loops_ring,
          grunt_temple_overflow_growth_and_decay, vehumet_statue, uniq_pikel

Table legend: (Time is in decaauts)
 A = Elapsed time spent in this place.
 B = Non-inter-level travel time spent in this place.
 C = Inter-level travel time spent in this place.
 D = Time resting spent in this place.
 E = Time spent auto-exploring this place.
 F = Levels seen in this place.
 G = Mean time per level.
                   A        B        C        D        E       F      G
               +--------+--------+--------+--------+--------+-----+--------+
         Total |   3154 |   3015 |    139 |      2 |   2243 |   4 |  788.5 |
       Dungeon |   3154 |   3015 |    139 |      2 |   2243 |   4 |  788.5 |
               +--------+--------+--------+--------+--------+-----+--------+

Top non-repeatable levels by time:
     D:1: 1049 daAuts
     D:3: 932 daAuts
     D:2: 847 daAuts
     D:4: 326 daAuts

Table legend:
 A = Kills in this place as a percentage of kills in the entire game.
 B = Kills by you in this place as a percentage of kills by you in the entire game.
 C = Kills by friends in this place as a percentage of kills by friends in the entire game.
 D = Other kills in this place as a percentage of other kills in the entire game.
 E = Experience gained in this place as a percentage of experience gained in the entire game.
 F = Experience gained in this place divided by the number of levels of this place that you have seen.
                   A       B       C       D       E      F
               +-------+-------+-------+-------+-------+----------------------
         Total | 100.0 | 100.0 |   N/A |   N/A | 100.0 |  51.2
       Dungeon | 100.0 | 100.0 |   N/A |   N/A | 100.0 |  51.2
               +-------+-------+-------+-------+-------+----------------------
